AoeStats
← Kanyaga

Arena

504829570Analyzed
4v4 RM · 26d ago on Sep 6, 2026· 41m 28s· 8 players
Game mode
Random Map
Map size
Large (8 player)
Population
200
Speed
Normal
Resources
Standard
Victory
Conquest
Starting age
Dark Age
Ending age
Imperial Age
RankedLock teamsTeams togetherTeam positionsShared explorationLock speedFull tech treeHidden civsTurbo modeCheats
Victory
Defeat
🇨🇳 Chinese · China
1587
+14
🇨🇳 Armenians · China
1555
+15
🇯🇵 Malians · Japan
1534
+16
🇨🇳 Mongols · China
1516
+18
🇹🇷 Persians · Türkiye
1584
-17
🇹🇷 Cumans · Türkiye
1559
-16
🇹🇷 Britons · Türkiye
1538
-16
🇹🇷 Saracens · Türkiye
1490
-14
牛比无极限
9:28 Feudal Age
14:04 Castle Age
12:37 Horse Collar
13:08 Double-Bit Axe
16:17 Loom
21:07 Bow Saw
24:02 Wheelbarrow
26:03 Hand Cart
25:51 Heavy Plow
30:04 Imperial Age
27:23 Town Watch
28:14 Gold Mining
28:17 Stone Mining
29:09 Bloodlines
30:53 Ballistics
30:26 Fletching
30:36 Padded Archer Armor
30:39 Husbandry
31:24 Conscription
30:26 Elite Mangudai
32:17 Chemistry
31:34 Bodkin Arrow
31:52 Thumb Ring
33:09 Bracer
33:25 Leather Archer Armor
34:23 Light Cavalry
35:12 Scale Barding Armor
35:18 Forging
35:30 Fortified Wall
35:16 Murder Holes
37:30 Chain Barding Armor
38:32 Iron Casting
39:08 Coinage
38:26 Hussar
41:02 Blast Furnace
うーぺー
8:56 Feudal Age
10:40 Fletching
10:51 Loom
13:26 Horse Collar
18:31 Scale Barding Armor
18:36 Forging
20:00 Wheelbarrow
19:11 Town Watch
27:12 Castle Age
25:20 Gold Mining
26:30 Stone Mining
27:58 Bodkin Arrow
28:22 Guard Tower
29:40 Ballistics
31:50 Hand Cart
33:36 Heavy Plow
33:55 Double-Bit Axe
34:57 Bow Saw
34:35 Pikeman
37:49 Scale Mail Armor
38:44 Chain Mail Armor
42:49 Imperial Age
42:05 Chain Barding Armor
落花之情
7:15 Loom
9:24 Feudal Age
9:54 Town Watch
9:56 Double-Bit Axe
9:55 Horse Collar
17:33 Castle Age
16:20 Scale Mail Armor
17:34 Gold Mining
18:23 Squires
18:47 Bow Saw
21:51 Forging
28:51 Wheelbarrow
29:15 Heavy Plow
30:18 Stone Mining
32:24 Hand Cart
36:05 Imperial Age
33:34 Fletching
34:18 Bodkin Arrow
34:46 Padded Archer Armor
36:23 Leather Archer Armor
36:15 Thumb Ring
37:11 Conscription
36:51 Bracer
37:53 Chemistry
38:53 Ring Archer Armor
39:09 Elite Chu Ko Nu
40:58 Rocketry
42:40 Gold Shaft Mining
42:42 Stone Shaft Mining
帅气的俊哥
11:01 Feudal Age
15:13 Castle Age
13:46 Double-Bit Axe
14:09 Horse Collar
16:32 Bow Saw
17:11 Heavy Plow
23:33 Wheelbarrow
22:43 Loom
26:09 Scale Mail Armor
26:20 Forging
29:11 Imperial Age
27:18 Gold Mining
27:29 Arson
27:45 Squires
27:30 Gambesons
27:06 Man-at-Arms
29:03 Chain Mail Armor
29:24 Iron Casting
28:41 Long Swordsman
30:17 Conscription
30:03 Fereters
31:00 Plate Mail Armor
30:18 Two-Handed Swordsman
32:26 Blast Furnace
32:09 Champion
40:13 Pikeman
Saruman
6:51 Loom
9:32 Feudal Age
13:29 Castle Age
11:52 Double-Bit Axe
13:47 Loom
20:40 Horse Collar
21:23 Heavy Plow
22:47 Bow Saw
23:34 Wheelbarrow
25:21 Gold Mining
26:05 Scale Barding Armor
26:11 Forging
26:50 Hand Cart
26:54 Husbandry
29:50 Imperial Age
27:55 Bloodlines
28:35 Town Watch
29:34 Gold Shaft Mining
30:20 Chain Barding Armor
29:33 Cavalier
31:09 Iron Casting
31:54 Plate Barding Armor
31:39 Stone Mining
33:01 Two-Man Saw
31:41 Savar
33:46 Blast Furnace
32:47 Fletching
34:44 Ballistics
37:28 Chemistry
36:24 Bodkin Arrow
37:23 Padded Archer Armor
37:48 Town Patrol
39:16 Crop Rotation
40:29 Leather Archer Armor
40:58 Murder Holes
42:11 Ring Archer Armor
heybrowazzup
8:26 Feudal Age
8:52 Double-Bit Axe
8:48 Horse Collar
11:29 Loom
17:30 Wheelbarrow
20:39 Castle Age
19:13 Stone Mining
19:40 Gold Mining
22:00 Fletching
22:38 Bodkin Arrow
30:33 Imperial Age
28:55 Padded Archer Armor
30:24 Ballistics
31:07 Leather Archer Armor
31:23 Hand Cart
32:23 Chemistry
36:42 Conscription
Kanyaga
10:44 Feudal Age
14:49 Castle Age
13:52 Double-Bit Axe
14:48 Horse Collar
23:11 Wheelbarrow
23:14 Gold Mining
25:23 Forging
26:00 Hand Cart
30:32 Imperial Age
27:47 Loom
28:12 Scale Barding Armor
28:15 Town Watch
30:16 Chain Barding Armor
30:06 Stone Mining
30:52 Gold Shaft Mining
31:34 Iron Casting
31:01 Husbandry
31:14 Bloodlines
31:44 Conscription
31:27 Elite Mameluke
34:13 Plate Barding Armor
35:39 Chemistry
36:22 Blast Furnace
40:12 Scale Mail Armor
40:19 Onager
LemonadeUg
9:53 Feudal Age
11:55 Loom
16:11 Castle Age
14:29 Double-Bit Axe
29:16 Pikeman
30:50 Horse Collar
34:05 Heavy Plow
34:31 Ballistics
35:54 Wheelbarrow
38:54 Imperial Age
36:21 Fletching
36:59 Bodkin Arrow
37:42 Padded Archer Armor
39:15 Leather Archer Armor
39:29 Hand Cart
39:40 Bracer
40:41 Chemistry
39:57 Bow Saw
40:59 Ring Archer Armor
Connection lost

Rejoining the realm…

Still unreachable

The connection could not be restored.

Session expired

The server has moved on; the page needs a fresh start.